AoeStats
← ITZ | AutocavS

Hideout

508451434Analyzed
1v1 RM · 11d ago on Sep 22, 2026· 34m 55s· 2 players
Game mode
Random Map
Map size
Tiny (2 player)
Population
200
Speed
Normal
Resources
Standard
Victory
Conquest
Starting age
Dark Age
Ending age
Imperial Age
RankedLock teamsTeams togetherTeam positionsShared explorationLock speedFull tech treeHidden civsTurbo modeCheats
Victory
Defeat
🇦🇷 Magyars · Argentina
1408
+15
🇧🇷 Spanish · Brazil
1378
-15
PhiL
11:26 Feudal Age
10:00 Loom
15:05 Castle Age
13:21 Double-Bit Axe
13:55 Gold Mining
14:04 Horse Collar
ITZ | AutocavS
10:10 Feudal Age
9:04 Loom
14:16 Castle Age
12:27 Double-Bit Axe
12:24 Horse Collar
17:56 Gold Mining
19:46 Scale Barding Armor
20:39 Bloodlines
24:34 Husbandry
27:38 Chain Barding Armor
Connection lost

Rejoining the realm…

Still unreachable

The connection could not be restored.

Session expired

The server has moved on; the page needs a fresh start.